[Event "7th Sharjah Masters 2024"]
[Site "Sharjah"]
[Date "2024.05.14"]
[Round "1.1"]
[White "Erigaisi Arjun"]
[Black "Safarli, Eltaj"]
[Result "1-0"]
[ECO "B92"]
[WhiteElo "2762"]
[BlackElo "2597"]
[Annotator "TA"]
[PlyCount "89"]
[EventDate "2024.05.13"]
[EventType "swiss"]
[EventCountry "UAE"]
[SourceTitle "playchess.com"]
[Source "ChessBase"]
[SourceQuality "1"]
[TimeControl "5400+30"]

1. e4 c5 2. Nf3 d6 3. d4 cxd4 4. Nxd4 Nf6 5. Nc3 a6 6. Be2 e5 7. Nb3 Be7 8. Be3 Be6 9. Nd5 Nxd5 10. exd5 Bf5 11. Qd2 Nd7 12. Na5 Qc7 13. c4 O-O {[%emt 0:01:29] White has an edge.} 14. O-O Bg6 15. b4 f5 {[%emt 0:02:29] Threatens to win with ...f4.} 16. f4 Nf6 {[%emt 0:17:36] [#]} 17. fxe5 $1 Ne4 (17... dxe5 $16 18. c5 f4) 18. Qe1 $18 dxe5 19. c5 Bf6 20. d6 Qd7 21. Nc4 {[%emt 0:02:47] Hoping for Nb6.} Rae8 22. Nb6 Qd8 23. d7 {[%emt 0:10:57] White has more active pieces.} Re7 24. Rd1 $36 {[%emt 0:00:06][%mdl 2048] Black must now prevent Bf3. Black is under strong pressure.} Kh8 (24... f4 $16) 25. Bd3 {[%emt 0:03:53] Bxe4 is the strong threat.} f4 26. Bc1 Ng5 (26... Nc3 {keeps fighting.}) 27. Bxg6 hxg6 28. Qh4+ Nh7 29. Qg4 g5 30. Nc8 Rxd7 31. Qxd7 Qxc8 32. Rfe1 a5 33. a3 (33. bxa5 Qxc5+ 34. Kh1 Qxa5 $14) 33... axb4 34. axb4 Qa8 35. h3 Re8 36. Qd5 Nf8 37. Bb2 Qa4 $2 {[%emt 0:03:01] [#]} (37... Ng6 {might work better.} 38. Bc3 Kh7) 38. Qxb7 {[%emt 0:01:53] White is clearly winning.} (38. Bxe5 Rxe5 39. Rxe5 (39. Qxb7 Re7 $17) 39... Bxe5 $11) 38... g4 39. hxg4 Qc2 (39... Bh4 $142 40. Qe4 (40. Bxe5 Rxe5 41. Rf1 Kh7 $16) 40... Bxe1 41. Rxe1 Kg8 42. Qc4+ (42. Bxe5 Qa2 $18) 42... Re6) 40. Qf7 f3 41. gxf3 (41. Qxe8 $2 Qxg2#) 41... Bh4 42. Qh5+ (42. Qxe8 {gets mated.} Qf2+ 43. Kh1 Qxf3+ 44. Kh2 Bg3+ 45. Kh3 Bf4+ (45... Bxe1+ {is a self mate.} 46. Kh2 Bg3+ 47. Kh3 Bf2+ 48. Kh2 Qg3+ 49. Kh1 Qh3#) 46. Kh4 g5+ 47. Kh5 Qh3#) 42... Kg8 43. Qxh4 Qxb2 44. Qf2 Qxb4 45. Qa2+ {[%emt 0:00:08] Weighted Error Value: White=0.11 (very precise) /Black=0.35.  Mistake:       	---       	Black=5      Inaccurate:     	White=1     	Black=2      OK:         	White=15    	Black=11     Best:        	White=3     	Black=1      Strong:       	White=1     	---} 1-0

[Event "7th Sharjah Masters 2024"]
[Site "Sharjah"]
[Date "2024.05.14"]
[Round "1.2"]
[White "Vokhidov, Shamsiddin"]
[Black "Maghsoodloo, Parham"]
[Result "1/2-1/2"]
[ECO "B12"]
[WhiteElo "2592"]
[BlackElo "2733"]
[Annotator "TA"]
[PlyCount "60"]
[EventDate "2024.05.13"]
[EventType "swiss"]
[EventCountry "UAE"]
[SourceTitle "playchess.com"]
[Source "ChessBase"]
[SourceQuality "1"]
[TimeControl "5400+30"]

1. e4 c6 2. d4 d5 3. e5 Bf5 4. h4 h5 5. Bd3 Bxd3 6. Qxd3 Qa5+ 7. Nd2 {[%emt 0:00:14][%cal Oe5e6] e6! would now be deadly.} e6 8. Ngf3 Qa6 9. c4 Bb4 10. O-O Ne7 11. b3 c5 12. Bb2 cxd4 $1 13. Nxd4 Nbc6 14. Nxc6 Nxc6 15. Rfd1 O-O 16. Qf3 $1 Qa5 (16... Rfd8 {looks sharper.} 17. cxd5 Rxd5 18. Ne4 Nxe5 19. Nf6+ gxf6 20. Qxf6 Rxd1+ 21. Rxd1 Qe2) 17. cxd5 exd5 18. Nf1 d4 19. Qxh5 (19. Bxd4 {simplifies} Rad8 20. Bb2 Rxd1 21. Qxd1 Bc3 22. Bxc3 Qxc3 23. e6) 19... Bc3 20. Bxc3 dxc3 21. Ne3 Rad8 {[%emt 0:02:56] Inhibits Rd5.} 22. Qg5 Rfe8 (22... Nxe5 $2 23. Nf5 g6 24. Nh6+ Kg7 25. Ng4 $18) (22... Qxe5 23. Qxe5 Nxe5 24. Rac1 $15) 23. Ng4 (23. Rxd8 $11 Rxd8 24. Rc1) 23... Rxd1+ ({Black should play} 23... Kf8 $1 $15 24. Rdc1 Re6 (24... Nxe5 25. b4 $11)) 24. Rxd1 $11 {[%emt 0:00:00] [#] And now Nf6+ would win. The position is equal.} Kf8 25. Nf6 Rd8 (25... gxf6 $2 {loses.} 26. Qh6+ Ke7 27. Qxf6+ Kf8 28. Rd7 $18) 26. Nd7+ Ke8 27. Qxg7 $1 Rxd7 28. Qh8+ Ke7 29. Qf6+ Ke8 30. Qh8+ Ke7 {[%emt 0:00:38] Not much happened in this game.   Weighted Error Value: White=0.08 (flawless) /Black=0.06 (flawless) .  Mistake:       	White=1     	Black=1      Inaccurate:     	---       	Black=1      OK:         	White=9     	Black=11     Best:        	White=2     	Black=4      Strong:       	White=2     	Black=1} 1/2-1/2

[Event "7th Sharjah Masters 2024"]
[Site "Sharjah"]
[Date "2024.05.14"]
[Round "1.3"]
[White "Yu, Yangyi"]
[Black "Nesterov, Arseniy"]
[Result "1/2-1/2"]
[ECO "D35"]
[WhiteElo "2729"]
[BlackElo "2590"]
[Annotator "TA"]
[PlyCount "129"]
[EventDate "2024.05.13"]
[EventType "swiss"]
[EventCountry "UAE"]
[SourceTitle "playchess.com"]
[Source "ChessBase"]
[SourceQuality "1"]
[TimeControl "5400+30"]

1. d4 d5 2. c4 e6 3. Nc3 Nf6 4. cxd5 exd5 5. Bg5 c6 6. e3 Be7 7. Bd3 O-O 8. Nf3 Re8 9. h3 Ne4 10. Bf4 Bd6 11. Ne5 Bf5 12. Bxe4 Bxe4 13. Nxe4 dxe4 14. O-O Bxe5 15. dxe5 Na6 16. Rc1 Qxd1 17. Rfxd1 Rad8 18. Rd6 Rxd6 19. exd6 Nb8 20. a4 Nd7 21. a5 c5 22. b4 Rc8 23. bxc5 Rxc5 24. Rb1 b6 25. axb6 axb6 26. g4 g6 27. g5 h6 28. h4 (28. gxh6 $5 g5 $8 29. Bg3 $14) 28... hxg5 29. hxg5 Rd5 (29... b5 $1 $11) 30. Kg2 (30. Rb4 $14) 30... Kf8 31. Rb4 Nc5 32. Rxb6 Ne6 33. Kg3 (33. Rb8+ {simplifies} Kg7 34. Re8 Nxf4+ 35. exf4 Rxd6 36. Rxe4 f6 37. Kf3) 33... Ke8 (33... Nxg5 $11 34. Bxg5 Rxg5+ 35. Kf4 Rf5+ 36. Kxe4 Ke8) 34. Kg4 $14 Kd7 35. Rb7+ (35. Rb4 {simplifies} Nxf4 36. exf4 Kxd6 37. Rxe4 Rd2 38. Kf3) 35... Ke8 36. Ra7 Nxf4 (36... Rf5 $1 $14) 37. d7+ (37. exf4 Rxd6 38. Ra2 Rd1) (37. Kxf4 $16 {Threatens to win with Re7+.} Rxd6 38. Ra8+ (38. Kxe4 Rb6 $11) 38... Ke7 39. Ra7+ (39. Kxe4 Re6+ 40. Kd3 Rd6+ 41. Ke4 Rb6 $11) 39... Ke8 40. Ra8+ (40. Kxe4 Rb6 $11) 40... Ke7 41. Ra4 (41. Kxe4 Rd2 $11)) 37... Ke7 (37... Rxd7 $2 {loses.} 38. Rxd7 Nd3 39. Rd4 Nxf2+ 40. Kg3 $18) 38. Kxf4 Rf5+ 39. Kxe4 Rxf2 40. Kd5 Rg2 41. d8=Q+ Kxd8 42. Rxf7 (42. Kd6 $5 Rd2+ $8 43. Ke5 $11) 42... Rxg5+ 43. Ke6 (43. Kd6 $5 Ke8 $8 44. Rc7 $11) 43... Rg4 44. Rf4 Rg3 45. Rf8+ Kc7 46. e4 g5 47. e5 g4 48. Ke7 Re3 49. e6 g3 50. Rg8 Kc6 51. Rg5 Kc7 52. Rg6 Kc6 53. Kd8 Rd3+ 54. Ke8 Re3 55. e7+ Kc7 56. Rg7 (56. Kf8 $5 Rf3+ $8 57. Ke8 $11) 56... Rf3 57. Rg8 Re3 58. Rg6 (58. Kf7 $5 Rf3+ $8 59. Ke8 $11) 58... Rf3 59. Rg7 Re3 60. Rg4 (60. Kf8 $5 Rf3+ $8 61. Ke8 $11) 60... Rc3 61. Rg5 (61. Kf7 $5 Rf3+ $8 62. Ke8 $11) 61... Re3 62. Rg6 (62. Kf8 $5 Rf3+ $8 63. Ke8 $11) 62... Rf3 63. Rg8 Re3 64. Kf8 (64. Kf7 $5 Rf3+ $8 65. Ke8 $11) 64... Rf3+ $1 65. Ke8 (65. Kg7 $5 g2 $8 66. Rc8+ Kd6 (66... Kxc8 $2 {perishes.} 67. e8=Q+ Kc7 68. Qg6 $18) 67. e8=Q g1=Q+ 68. Qg6+ Qxg6+ 69. Kxg6 $11) 1/2-1/2

[Event "7th Sharjah Masters 2024"]
[Site "Sharjah"]
[Date "2024.05.14"]
[Round "1.4"]
[White "Sethuraman, S.P."]
[Black "Radjabov, Teimour"]
[Result "1/2-1/2"]
[ECO "C49"]
[WhiteElo "2593"]
[BlackElo "2723"]
[Annotator "TA"]
[PlyCount "62"]
[EventDate "2024.05.13"]
[EventType "swiss"]
[EventCountry "UAE"]
[SourceTitle "playchess.com"]
[Source "ChessBase"]
[SourceQuality "1"]
[TimeControl "5400+30"]

1. e4 e5 2. Nf3 Nc6 3. Nc3 Nf6 4. Bb5 Bb4 5. O-O O-O 6. d3 Bxc3 7. bxc3 d6 8. Bg5 Qe7 9. Re1 a6 10. Bxc6 bxc6 11. Nd2 h6 12. Bh4 g5 13. Bg3 Bg4 14. f3 Be6 15. d4 Nh5 16. Bf2 Nf4 17. Nb3 f6 18. Na5 Qd7 19. Be3 c5 20. a4 cxd4 21. cxd4 Ng6 22. c3 (22. d5 $14 {is more appropriate.} Bf7 23. Qd3) 22... f5 $11 23. dxe5 (23. d5 $5 Bf7 $8 24. exf5 Qxf5 25. Nc6 $11) 23... f4 24. Bd4 ({Better is} 24. Bf2 $15) 24... dxe5 ({Inferior is} 24... Nxe5 25. Bxe5 dxe5 26. Qxd7 Bxd7 27. Red1 $16) (24... c5 $17 25. exd6 cxd4 26. Qxd4 Qg7 27. Qxg7+ Kxg7) 25. Bc5 {[%emt 0:00:08] [#] Hoping for Qxd7. The position is equal.} Rf7 26. Qxd7 Rxd7 27. Nc6 Rd2 28. Red1 Rc2 29. Rdc1 Rxc1+ 30. Rxc1 Bd7 31. Nb4 Bxa4 {[%emt 0:00:44] Weighted Error Value: White=0.10 (very precise) /Black=0.09 (flawless) .  Mistake:       	White=2     	Black=1      Inaccurate:     	White=1     	Black=1      OK:         	White=10    	Black=12} 1/2-1/2

[Event "7th Sharjah Masters 2024"]
[Site "Sharjah"]
[Date "2024.05.14"]
[Round "1.5"]
[White "Tabatabaei, M. Amin"]
[Black "Pranav, V."]
[Result "1-0"]
[ECO "C54"]
[WhiteElo "2707"]
[BlackElo "2587"]
[Annotator "TA"]
[PlyCount "59"]
[EventDate "2024.05.13"]
[EventType "swiss"]
[EventCountry "UAE"]
[SourceTitle "playchess.com"]
[Source "ChessBase"]
[SourceQuality "1"]
[TimeControl "5400+30"]

1. e4 e5 2. Nf3 Nc6 3. Bc4 Nf6 4. d3 Bc5 5. O-O d6 6. c3 a5 7. Re1 O-O 8. h3 Ba7 {[%emt 0:00:44] The position is equal.} 9. Nbd2 Be6 10. Bb5 Ne7 11. Ba4 Ng6 12. d4 c6 (12... Nh5 {is more complex.} 13. Nxe5 dxe5 14. Qxh5 exd4 15. Nf3 dxc3 16. bxc3 Qf6) 13. Bc2 h6 14. Nf1 Re8 15. Ng3 Qc7 16. Be3 Rad8 17. Qc1 b5 18. a4 bxa4 19. Rxa4 c5 20. d5 Bd7 {[%emt 0:00:02][%cal Oc5c4] [#]} 21. c4 Rb8 {[%emt 0:09:01] [#]} (21... Bxa4 $16 22. Bxa4 Kh7) 22. Nf5 $1 Nf4 (22... Bxf5 23. exf5) 23. Ra3 {[%emt 0:02:28][%cal Of5h6] And now Nxh6+! would win.} Rb4 $2 {[%emt 0:04:53] [#] Black cannot hold the game after this.} (23... Bxf5 $16 {was necessary.} 24. exf5 Qd8 25. Bxf4 exf4) 24. Nxh6+ $1 $18 Kf8 (24... gxh6 25. Bxf4) 25. Bxf4 exf4 26. Qxf4 {[%emt 0:00:06][%cal Of3g5] Strongly threatening Ng5!} Rxc4 27. Bb1 {[%emt 0:06:44][%cal Of3g5] Ng5! would now be deadly.} Rb4 $2 (27... Re5 28. Nxe5 dxe5) 28. Ng5 {[%emt 0:06:55] White is clearly winning.} Re7 29. Rg3 {[%emt 0:02:02][%cal Of4f6] Hoping for Qxf6!} c4 {[%emt 0:02:31] [#]} 30. Qxf6 $3 {[%emt 0:00:19][%mdl 512] Weighted Error Value: White=0.05 (flawless) /Black=0.51.  Loses game:     	---       	Black=1      Mistake:       	White=1     	Black=2      Inaccurate:     	---       	Black=3      OK:         	White=11    	Black=7      Best:        	White=3     	---} 1-0

[Event "7th Sharjah Masters 2024"]
[Site "Sharjah"]
[Date "2024.05.14"]
[Round "1.6"]
[White "Daneshvar, Bardiya"]
[Black "Sarana, Alexey"]
[Result "1/2-1/2"]
[ECO "E07"]
[WhiteElo "2582"]
[BlackElo "2706"]
[Annotator "TA"]
[PlyCount "122"]
[EventDate "2024.05.13"]
[EventType "swiss"]
[EventCountry "UAE"]
[SourceTitle "playchess.com"]
[Source "ChessBase"]
[SourceQuality "1"]
[TimeControl "5400+30"]

1. Nf3 d5 2. c4 e6 3. g3 Nf6 4. Bg2 Be7 5. O-O O-O 6. d4 c6 7. Nc3 Nbd7 8. Qd3 b6 9. e4 Ba6 10. b3 dxe4 {[%emt 0:01:05] E07: Closed Catalan: Main Line (5 Nf3 0-0 6 0-0 Nbd7).} 11. Nxe4 b5 12. c5 Nxc5 13. Nxf6+ $146 ({Predecessor:} 13. Nxc5 Bxc5 14. Qc2 Bb6 15. Rd1 Bb7 16. a4 h6 17. Ba3 Re8 18. Bc5 bxa4 19. bxa4 {1-0 Erdos,V (2612)-Zajic,M (2485) EU-ch 20th Skopje 2019 (9)}) 13... Bxf6 14. Qc2 Nd7 15. Qxc6 Nb6 16. Bd2 Rc8 17. Qe4 Nd5 18. Rfc1 Qd6 19. Ne5 b4 20. Ng4 Be7 21. Ne3 Nc3 22. Bxc3 bxc3 23. Bf1 {[%emt 0:07:45] [#]} f5 (23... Bxf1 $1 $17 24. Rxf1 Rfd8) 24. Qe5 $11 Qxe5 25. dxe5 Bxf1 26. Kxf1 f4 27. Nc4 fxg3 28. hxg3 Rf3 29. Nd6 $1 Rcf8 30. Ne4 Ba3 (30... R8f5 {simplifies} 31. Rxc3 Rxc3 32. Nxc3 Rxe5 33. Rd1 a5) 31. Rc2 $1 (31. Rxc3 $2 Rxc3 32. Nxc3 Bb2 $19) 31... R3f5 32. Nd6 (32. Nxc3 Rc8 33. f4 g5 $19) (32. Rxc3 $2 Bb2 (32... Rxe5 33. Rc4 $16) 33. Rac1 Rxe5 $19) 32... Rxe5 33. Nc4 Rh5 34. Kg2 $1 Bc5 35. Re1 $1 Rhf5 36. f4 g5 37. Ne3 R5f7 38. fxg5 Rf3 39. Ng4 Rd3 40. Nf6+ Kg7 41. Rxe6 Rd2+ 42. Re2 Rxe2+ 43. Rxe2 Bd4 44. Nh5+ Kf7 45. Kf3 Rc8 46. Rc2 Rc5 47. Nf4 Rxg5 48. Ne2 Bf6 49. Ke4 (49. Nxc3 $2 {is the wrong capture.} Rc5 50. Rd2 Rxc3+ $19 (50... Bxc3 $2 51. Rd7+ Kg6 52. Rxa7 $19)) 49... Re5+ 50. Kd3 Rd5+ 51. Ke3 $1 Rg5 52. Ke4 Rg4+ 53. Kf3 Rg8 54. Ke4 (54. Nxc3 $2 {loses.} Rc8 55. Rd2 Rxc3+ $19) 54... Re8+ 55. Kd3 Rd8+ 56. Ke3 $1 Bg5+ 57. Kf2 Bf6 58. Ke3 Rg8 59. Ke4 h5 60. Nxc3 Rxg3 61. Nd5 Rg4+ 1/2-1/2

[Event "7th Sharjah Masters 2024"]
[Site "Sharjah"]
[Date "2024.05.14"]
[Round "1.7"]
[White "Artemiev, Vladislav"]
[Black "Moroni, Luca Jr"]
[Result "1/2-1/2"]
[ECO "C78"]
[WhiteElo "2705"]
[BlackElo "2581"]
[Annotator "TA"]
[PlyCount "130"]
[EventDate "2024.05.13"]
[EventType "swiss"]
[EventCountry "UAE"]
[SourceTitle "playchess.com"]
[Source "ChessBase"]
[SourceQuality "1"]
[TimeControl "5400+30"]

1. e4 e5 2. Nf3 Nc6 3. Bb5 a6 4. Ba4 Nf6 5. O-O b5 6. Bb3 Bc5 7. a4 Rb8 8. axb5 axb5 {[%emt 0:00:30] [#]} 9. Nxe5 $1 Nxe5 10. d4 Bxd4 11. Qxd4 {[%emt 0:00:30] White has an edge.} d6 12. f4 Nc6 13. Qd3 O-O 14. Nc3 Re8 15. e5 dxe5 16. Qxd8 Nxd8 17. fxe5 Rxe5 18. Bf4 Rc5 19. Be3 {[%emt 0:00:30] This pair of bishops is nice.} Rf5 20. Ba7 Ra8 21. Rxf5 Bxf5 22. Nxb5 Nc6 23. Ra4 h5 24. h3 (24. Nxc7 $2 {perishes.} Rxa7 25. Rxa7 Nxa7 $19) 24... Nxa7 25. Nxc7 Rd8 26. Rxa7 Rd1+ 27. Kf2 Rd2+ 28. Ke1 Rxg2 29. Nd5 {[%emt 0:00:30] And now Ne7+ would win.} Bxh3 30. Nxf6+ gxf6 31. Rxf7 $11 {[%emt 0:00:30][%mdl 4096] Endgame. KRB-KRB} ({Much worse is} 31. Bxf7+ Kh8 $17) 31... Bg4 (31... Rg1+ $11 {remains equal.} 32. Kd2 (32. Kf2 Rg2+ 33. Kf3 Rg1 $14) 32... Rg2+ 33. Ke1 Rg1+ 34. Kf2 Rg2+ 35. Kf3 Rg1) 32. Kf1 (32. Rxf6+ $16 Kh7 33. Bc4) 32... Bh3 {[%emt 0:00:30] White must now prevent ...Rg7+.} 33. Ke1 Bg4 34. Rxf6+ Kg7 {[#]} 35. Rf4 ({White should play} 35. Rf2 $1 $16 Rxf2 36. Kxf2) 35... Kh6 36. Kf1 Bh3 ({Black should try} 36... Rd2 $11) 37. Rf2 (37. Rh4 $14 Rxc2+ 38. Rxh3 Rxb2 39. Bc4) 37... Rg5+ 38. Ke2 h4 39. Rf6+ Kg7 40. Rf4 Bg4+ 41. Ke3 h3 {[%emt 0:00:30] [#] Strongly threatening ...h2.} 42. Bd5 $1 h2 43. Bh1 {[%emt 0:00:30] White is more active.} Bf5 44. Rf2 (44. Rh4 {simplifies} Bxc2 45. Rxh2 Bg6 46. b4) 44... Rh5 45. Kf4 Kf6 {[%emt 0:00:30] The position is equal.} 46. c3 Rh4+ 47. Kg3 Rh3+ 48. Kg2 {[%emt 0:00:30][%cal Of2f5] Intending Rxf5+! and mate.} Rh8 49. Re2 Kg5 50. Kg3 Rh3+ 51. Kf2 Kf4 52. Rd2 Bg4 53. Rd4+ Kg5 54. Rd8 Rf3+ 55. Kg2 Re3 56. Rd2 (56. Kxh2 {simplifies} Re2+ 57. Bg2 Rxb2 58. Kg3) 56... Rh3 57. Rf2 Rh8 58. b4 Rc8 59. Rc2 Bf5 60. Rc1 Be4+ 61. Kg3 Bxh1 62. Rxh1 Rxc3+ 63. Kxh2 Rb3 64. Rg1+ Kf5 65. Rg3 {[%emt 0:00:30] [#]} Ke5 $2 {[%emt 0:00:30][%mdl 40960] Weighted Error Value: White=0.08 (flawless) /Black=0.05 (flawless) .  Loses game:     	---       	Black=1      Mistake:       	White=3     	Black=2      Inaccurate:     	White=3     	Black=2      OK:         	White=29    	Black=34     Best:        	White=5     	Black=1      Brilliant:      	White=1     	---       . An unexpected result.} 1/2-1/2

[Event "7th Sharjah Masters 2024"]
[Site "Sharjah"]
[Date "2024.05.14"]
[Round "1.8"]
[White "Gurel, Ediz"]
[Black "Esipenko, Andrey"]
[Result "1/2-1/2"]
[ECO "C77"]
[WhiteElo "2578"]
[BlackElo "2704"]
[Annotator "TA"]
[PlyCount "74"]
[EventDate "2024.05.13"]
[EventType "swiss"]
[EventCountry "UAE"]
[SourceTitle "playchess.com"]
[Source "ChessBase"]
[SourceQuality "1"]
[TimeControl "5400+30"]

1. e4 e5 2. Nf3 Nc6 3. Bb5 a6 4. Ba4 Nf6 5. O-O Be7 6. d3 b5 7. Bb3 d6 8. a3 O-O 9. Nc3 Rb8 10. Be3 h6 11. h3 Re8 {[%emt 0:03:24][%cal Bf8e8,Be8e6,Be6f6][%mdl 32] White has an edge.} 12. Nh2 Bf8 13. f4 exf4 14. Bxf4 Be6 15. Bxe6 Rxe6 16. Bg3 Ne5 ({Of course not} 16... d5 17. Rxf6 Rxf6 (17... Qxf6 $2 {loses.} 18. exd5 Ree8 19. dxc6 $18) 18. Nxd5 $16) 17. Nf3 c5 {[%emt 0:09:37] Prevents Nd4.} 18. Bh4 Ng6 19. Bxf6 $1 Rxf6 20. Nd5 Re6 21. Qd2 Ne7 22. Nf4 {[%emt 0:03:24] White is much more active. Excellent horsemanship.} Rf6 23. Nh5 Re6 24. Nf4 {[%emt 0:01:03] Repels Ng6} Rf6 25. Rae1 Rb7 26. Nh2 {[%emt 0:09:29][%cal Bf3h2,Bh2f1,Bf1e3,Be3d5][%mdl 32] Black must now prevent Ng4.} Ng6 27. Nd5 Rxf1+ 28. Nxf1 Ne7 29. Nfe3 Nxd5 30. Nxd5 g6 {[%emt 0:00:06] Black is weak on the light squares} 31. Rf1 Bg7 {[%emt 0:00:56] The position is equal.} 32. c3 a5 33. Kh1 Qg5 34. Qf2 Qe5 35. Qh4 Qg5 36. Qf2 Qe5 37. Qh4 Qg5 {[%emt 0:00:22] Weighted Error Value: White=0.06 (flawless) /Black=0.05 (flawless) .  Inaccurate:     	White=2     	Black=3      OK:         	White=11    	Black=17     Best:        	White=1     	Black=2      Strong:       	White=1     	---} 1/2-1/2

[Event "7th Sharjah Masters 2024"]
[Site "Sharjah"]
[Date "2024.05.14"]
[Round "1.9"]
[White "Fedoseev, Vladimir"]
[Black "Peralta, Fernando"]
[Result "1-0"]
[ECO "A18"]
[WhiteElo "2702"]
[BlackElo "2575"]
[Annotator "TA"]
[PlyCount "47"]
[EventDate "2024.05.13"]
[EventType "swiss"]
[EventCountry "UAE"]
[SourceTitle "playchess.com"]
[Source "ChessBase"]
[SourceQuality "1"]
[TimeControl "5400+30"]

1. c4 Nf6 2. Nc3 e6 3. e4 d5 4. e5 d4 5. exf6 dxc3 6. bxc3 Qxf6 7. Bd3 Nc6 8. Be4 e5 {[%emt 0:07:26] Threatening ...Bf5. The position is equal.} 9. Qc2 g6 10. Rb1 Bh6 11. Ne2 O-O 12. O-O Rb8 13. f4 {[%emt 0:04:35] And now fxe5 would win.} exf4 (13... Bxf4 $6 14. g3 $16) (13... Qd6 $11) 14. d4 $16 Bf5 (14... Na5 $16) 15. Bxf5 $1 $18 ({Resist} 15. Bxf4 $6 Bxf4 16. Nxf4 (16. Rxf4 Bxe4 17. Rxe4 Na5 $16) 16... Ne7 $14 (16... Nxd4 17. Nd5 $16)) 15... Qxf5 16. Qxf5 gxf5 17. Nxf4 Rfe8 18. Rb5 {[%emt 0:00:44] Repels Na5} Ne7 (18... b6 $142 19. Rxf5 (19. Nd5 Bxc1 20. Nf6+ Kh8 $18) 19... Ne7) 19. Nh5 Bg7 20. Bf4 {[%emt 0:03:58][%cal Bc1f4,Bf4c7,Bc7b6][%mdl 32] White has a decisive advantage.} a6 21. Rc5 Rbc8 22. Nxg7 (22. Rxc7 Rxc7 23. Bxc7 Ng6 $18) 22... Kxg7 23. Bxc7 Nc6 24. Bb6 {[%emt 0:01:11] Weighted Error Value: White=0.06 (flawless) /Black=0.35.  Mistake:       	---       	Black=3      Inaccurate:     	White=1     	Black=2      OK:         	White=11    	Black=4      Strong:       	White=1     	---} 1-0

[Event "7th Sharjah Masters 2024"]
[Site "Sharjah"]
[Date "2024.05.14"]
[Round "1.10"]
[White "Mchedlishvili, Mikheil"]
[Black "Sevian, Samuel"]
[Result "1/2-1/2"]
[ECO "A13"]
[WhiteElo "2569"]
[BlackElo "2699"]
[Annotator "TA"]
[PlyCount "74"]
[EventDate "2024.05.13"]
[EventType "swiss"]
[EventCountry "UAE"]
[SourceTitle "playchess.com"]
[Source "ChessBase"]
[SourceQuality "1"]
[TimeControl "5400+30"]

1. Nf3 d5 2. c4 e6 3. g3 Nf6 4. Bg2 dxc4 5. Qa4+ Bd7 6. Qxc4 c5 7. Ne5 Qc8 8. Qd3 Bc6 9. Nxc6 Nxc6 10. Nc3 Be7 11. Qb5 h5 12. h3 O-O 13. Bxc6 bxc6 14. Qa4 e5 15. d3 Rd8 16. Bg5 Rb8 17. Qc2 Qe6 18. Kf1 Rb4 19. a3 Rb7 20. Kg2 c4 (20... Qf5 $11 {should be considered.} 21. Bxf6 Qxf6) 21. dxc4 $1 $14 Qxc4 22. Rac1 Qe6 23. Bxf6 Bxf6 24. Na4 {[%emt 0:00:48][%cal Oa4c5] Nc5! is the strong threat.} Rc7 25. Nc5 Qd5+ 26. Ne4 Qe6 27. Nxf6+ Qxf6 28. Rhd1 h4 29. g4 c5 30. Rxd8+ Qxd8 $16 {[%emt 0:00:05][%mdl 4096] Endgame. KQR-KQR} 31. Qe4 Qd6 32. Rc3 {[%emt 0:00:39] White is more active.} Qd4 33. Qxd4 (33. Qa8+ $16 Kh7 34. e3) 33... exd4 $11 {[%emt 0:00:01] The position is equal.} 34. Rc2 Rb7 35. Rxc5 Rxb2 36. Rc8+ Kh7 37. Rc7 f6 {[%emt 0:01:29] Weighted Error Value: White=0.09 (flawless) /Black=0.08 (flawless) .  Mistake:       	White=1     	Black=1      Inaccurate:     	White=2     	Black=2      OK:         	White=12    	Black=8      Best:        	White=1     	---        Strong:       	White=1     	---} (37... Rxe2 38. Rxf7 Re5 39. Rxa7) 1/2-1/2

[Event "7th Sharjah Masters 2024"]
[Site "Sharjah"]
[Date "2024.05.14"]
[Round "1.11"]
[White "Narayanan S L"]
[Black "Sanal, Vahap"]
[Result "1/2-1/2"]
[ECO "E17"]
[WhiteElo "2695"]
[BlackElo "2566"]
[Annotator "TA"]
[PlyCount "59"]
[EventDate "2024.05.13"]
[EventType "swiss"]
[EventCountry "UAE"]
[SourceTitle "playchess.com"]
[Source "ChessBase"]
[SourceQuality "1"]
[TimeControl "5400+30"]

1. d4 Nf6 2. c4 e6 3. Nf3 b6 4. g3 Bb7 5. Bg2 Be7 6. Nc3 Ne4 7. Bd2 Nxd2 8. Qxd2 d6 9. Rd1 Nd7 10. Qc2 g6 11. h4 Bf6 12. h5 a6 13. Ne4 {[%emt 0:07:18] White is more active.} (13. Kf1 $14) 13... Bg7 14. d5 e5 15. h6 Bf8 16. b4 Be7 $1 17. c5 {[%emt 0:03:25] [#] Strongly threatening c6.} Nf6 18. Nxf6+ Bxf6 19. Bh3 O-O 20. O-O a5 (20... dxc5 $6 21. bxc5 bxc5 22. e4 $16 (22. Qxc5 e4 $18)) 21. a3 axb4 22. axb4 bxc5 ({Much weaker is} 22... dxc5 23. bxc5 bxc5 24. Bg2 $14 (24. Qxc5 e4 $11)) 23. bxc5 dxc5 24. Bg2 ({Much worse is} 24. Qxc5 e4 25. Nh2 Qd6 $15) 24... Ba6 25. Rfe1 $1 c4 26. Nd2 Bb5 27. Rb1 (27. Nxc4 Ba4 28. Qd3 Bxd1 29. Rxd1 Rb8 $14) 27... Rb8 28. Nxc4 Bxc4 29. Qxc4 Bg5 30. e3 {[%emt 0:02:10] Weighted Error Value: White=0.10 (very precise) /Black=0.08 (flawless) .  Mistake:       	White=1     	---        Inaccurate:     	White=3     	Black=4      OK:         	White=6     	Black=7      Strong:       	White=1     	Black=1} 1/2-1/2